Map: Disco Bloodbath LE

Players

llllllllllll (Stats) - Winner!

  • Race: Protoss Protoss
  • League: Master
  • Spawn Location: 3:00

Zanster

  • Race: Zerg Zerg
  • Spawn Location: 9:00

Event: HomeStory Cup XX

VOD

Have the link to the VOD?

Description

Time

  • Played on: Nov. 22, 2019, 9:15 a.m.
  • Length: 17:47

All games in this series

Show
View Real Time Build Order
Export as new Build Order

llllllllllll Protoss - Winner!

Build Orders: 1 Gate Expand, Oracle Opening, Carriers, Zealot Archon 

Get SALT Encoding   

  12  0:00  Probe  
  13  0:12  Probe  
  14  0:20  Pylon  
  14  0:25  Probe  
  15  0:34  Probe  
  15  0:41  Gateway  
  15  0:42  Probe  
  16  0:47  Assimilator  
  17  0:52  Probe  
  18  1:04  Probe  
  19  1:16  Probe  
  20  1:23  Nexus  
  20  1:33  Cybernetics Core  
  20  1:36  Probe  
  21  1:43  Assimilator  
  21  1:48  Probe  
  21  1:51  Pylon  
  22  2:00  Probe, Adept  
  23  2:12  Probe  
  26  2:17  Stargate  
  26  2:24  Probe  
  26  2:25  Warp Gate  
  27  2:31  Probe  
  27  2:32  Probe  
  27  2:35  Stalker  
  31  2:39  Probe  
  31  2:40  Probe  
  32  2:49  Probe  
  32  2:50  Probe  
  34  2:54  Oracle  
  35  3:01  Probe  
  35  3:03  Probe  
  40  3:13  Probe  
  40  3:15  Probe, Pylon  
  42  3:21  Robotics Facility  
  42  3:25  Probe  
  43  3:27  Probe  
  44  3:37  Probe  
  44  3:39  Probe  
  46  3:42  Gateway  
  46  3:48  Oracle  
  46  3:49  Probe  
  46  3:51  Probe  
  46  3:53  Nexus  
  51  3:56  Pylon  
  51  3:59  Pylon  
  51  4:02  Probe  
  52  4:03  Probe  
  52  4:06  Observer  
  52  4:09  Assimilator  
  54  4:10  Assimilator  
  54  4:16  Probe x2  
  56  4:20  Immortal  
  56  4:27  Pylon  
  56  4:29  Probe x2  
  62  4:40  Sentry  
  62  4:41  Probe x2  
  62  4:42  Gateway  
  62  4:44  Gateway  
  66  4:53  Probe x2  
  68  5:00  Sentry  
  68  5:05  Probe, Sentry  
  68  5:06  Probe  
  74  5:10  Probe  
  75  5:14  Forge  
  75  5:17  Twilight Council  
  75  5:18  Probe x2  
  75  5:20  Pylon  
  77  5:22  Probe  
  77  5:23  Adept  
  77  5:25  Protoss Ground Weapons Level 1  
  80  5:30  Probe x2  
  80  5:34  Probe  
  79  5:38  Assimilator, Gateway  
  79  5:39  Assimilator  
  79  5:40  Gateway  
  79  5:41  Gateway  
  79  5:42  Probe x2  
  81  5:43  Gateway  
  81  5:44  Immortal  
  81  5:45  Charge  
  81  5:46  Probe  
  86  5:59  Templar Archives  
  86  6:01  Probe x2  
  86  6:02  Probe  
  89  6:13  Warp Prism  
  89  6:14  Probe, Sentry x2  
  89  6:15  Zealot  
  89  6:16  Zealot  
  98  6:18  Pylon  
  98  6:25  Photon Cannon  
  100  6:28  Photon Cannon  
  100  6:32  Shield Battery  
  100  6:37  High Templar x2  
  104  6:41  Archon  
  104  6:42  Zealot x2  
  104  6:46  Observer  
  107  6:48  Pylon, Photon Cannon  
  107  6:49  Pylon  
  108  7:06  Protoss Ground Weapons Level 2  
  108  7:09  High Templar x3  
  108  7:10  Zealot  
  108  7:12  Zealot x3, High Templar  
  108  7:13  Archon  
  124  7:16  Archon  
  124  7:25  Psionic Storm  
  124  7:37  Pylon  
  124  7:39  Pylon  
  124  7:41  Pylon  
  124  7:42  Pylon  
  124  7:45  Nexus  
  124  7:48  Pylon  
  124  7:56  High Templar x2  
  128  7:59  Photon Cannon  
  128  8:00  Photon Cannon  
  128  8:01  High Templar  
  128  8:02  Shield Battery x2  
  130  8:07  Photon Cannon  
  130  8:08  Photon Cannon  
  130  8:13  Shield Battery  
  130  8:15  Shield Battery  
  130  8:16  Shield Battery  
  130  8:25  High Templar x2  
  134  8:28  Photon Cannon, Shield Battery  
  134  8:30  Photon Cannon  
  134  8:31  Probe x3  
  134  8:32  Pylon  
  137  8:37  Assimilator, High Templar  
  139  8:42  Assimilator  
  139  8:43  Probe x3  
  139  8:46  Fleet Beacon  
  139  8:48  Gateway x2  
  142  8:49  Stargate  
  142  8:52  Pylon  
  142  8:57  Photon Cannon x2  
  142  9:00  Pylon  
  142  9:05  Gateway x2  
  143  9:10  Probe x4  
  143  9:16  Protoss Air Weapons Level 1  
  146  9:18  Carrier  
  146  9:23  Mothership  
  146  9:26  Carrier  
  158  9:43  Photon Cannon  
  166  10:00  Zealot x10  
  166  10:07  Carrier  
  175  10:10  Photon Cannon  
  175  10:12  Photon Cannon  
  175  10:14  Shield Battery  
  175  10:15  Shield Battery, Protoss Ground Weapons Level 3  
  175  10:23  Carrier  
  187  10:47  Nexus  
  187  10:48  Stargate  
  187  10:49  Pylon  
  185  10:51  Stargate  
  179  11:01  Stalker x3  
  179  11:02  Stalker  
  179  11:03  Stalker  
  183  11:10  Fleet Beacon  
  183  11:23  Cybernetics Core  
  181  11:35  Mothership  
  181  11:38  Protoss Air Armor Level 1  
  176  11:41  Carrier  
  176  11:43  Carrier  
  176  11:47  Carrier  
  162  11:49  Carrier  
  188  12:08  Assimilator  
  188  12:12  Assimilator  
  175  12:26  Pylon  
  175  12:27  Protoss Air Weapons Level 2  
  175  12:28  Photon Cannon x2  
  175  12:31  Photon Cannon  
  175  12:32  Shield Battery  
  175  12:33  Shield Battery  
  175  12:35  Shield Battery  
  171  12:51  High Templar  
  171  12:52  High Templar x3  
  171  12:55  Archon x2  
  171  12:57  Stalker x3, Carrier  
  171  12:58  Stalker x4  
  191  13:00  Carrier  
  194  13:18  Carrier  
  194  13:43  Carrier  
  196  13:56  Nexus  
  196  13:59  Pylon  
  195  14:20  Observer  
  186  14:55  Protoss Air Armor Level 2, Mothership, Photon Cannon x3  
  186  14:56  Photon Cannon x2, Shield Battery  
  186  14:58  Protoss Air Weapons Level 3, Shield Battery  
  178  15:00  Shield Battery  
  176  15:12  Unknown  
  176  15:13  Void Ray x2  
  176  15:14  Void Ray  
  188  15:18  Void Ray  
  192  15:22  Zealot  
  192  15:26  Zealot  
  196  15:34  Zealot x2  
  200  15:50  Photon Cannon  
  200  15:52  Photon Cannon, Shield Battery  
  200  15:55  Shield Battery  
  160  16:00  Archon  
  144  16:10  High Templar x4  
  144  16:11  High Templar x5  
  154  16:12  High Templar x2  
  154  16:18  Archon x2  
  164  16:19  Archon  
  162  16:36  Pylon  
  162  16:39  Probe x3, Pylon  
  165  16:47  Warp Prism  
  165  16:50  Probe  
  162  16:56  High Templar x4  
  162  16:57  High Templar x2  
  162  17:00  Archon x2  
  162  17:01  Archon  
  176  17:05  Zealot x4  
  184  17:23  Adept  
Show
View Real Time Build Order
Export as new Build Order

Zanster Zerg 

Build Orders: Hatch First, Brood Lord Corruptor 

Get SALT Encoding   

  12  0:00  Drone  
  13  0:12  Overlord  
  13  0:17  Drone  
  14  0:31  Drone x2  
  16  0:47  Hatchery  
  15  0:51  Drone  
  15  0:54  Drone  
  17  0:57  Drone  
  18  1:09  Extractor  
  17  1:14  Spawning Pool  
  17  1:15  Drone  
  17  1:19  Drone  
  18  1:29  Drone  
  19  1:39  Drone  
  20  1:49  Drone  
  21  2:00  Overlord  
  21  2:01  Queen  
  21  2:02  Queen  
  21  2:03  Zergling x2  
  26  2:10  Zergling x2  
  26  2:12  Drone  
  28  2:18  Metabolic Boost  
  28  2:23  Drone x2  
  30  2:35  Hatchery  
  29  2:38  Drone  
  29  2:39  Drone  
  31  2:44  Drone  
  31  2:48  Queen  
  34  2:53  Overlord  
  34  2:58  Drone  
  34  3:02  Drone  
  36  3:08  Overlord  
  36  3:17  Drone x2  
  36  3:18  Drone x3  
  41  3:23  Drone  
  41  3:24  Queen  
  44  3:30  Drone  
  45  3:34  Spore Crawler  
  45  3:36  Overlord  
  45  3:37  Drone  
  45  3:43  Drone  
  45  3:44  Drone  
  45  3:45  Drone  
  45  3:47  Queen, Drone  
  51  3:49  Drone  
  52  3:57  Drone  
  52  3:58  Drone x3  
  52  3:59  Queen  
  52  4:00  Drone  
  52  4:01  Drone  
  60  4:07  Drone  
  60  4:09  Spore Crawler, Drone  
  58  4:12  Drone  
  58  4:16  Drone  
  58  4:17  Drone x2  
  61  4:19  Overlord  
  61  4:20  Drone  
  61  4:23  Drone  
  63  4:26  Drone x2  
  63  4:28  Drone  
  66  4:34  Spore Crawler  
  66  4:36  Lair  
  65  4:38  Extractor  
  65  4:40  Evolution Chamber  
  65  4:44  Overlord  
  63  4:48  Zergling x2  
  63  4:49  Zergling x10  
  63  4:51  Zergling x2  
  63  4:52  Zergling x4  
  69  4:54  Zergling x4  
  69  4:58  Drone x2  
  69  4:59  Drone  
  74  5:05  Drone  
  74  5:06  Drone  
  76  5:08  Drone  
  76  5:10  Drone x3  
  79  5:17  Zerg Melee Weapons Level 1  
  79  5:18  Extractor  
  79  5:19  Extractor  
  77  5:21  Drone  
  77  5:25  Drone x6  
  77  5:27  Drone  
  79  5:33  Zergling x6  
  77  5:38  Hatchery, Hydralisk Den  
  77  5:39  Drone x2  
  77  5:41  Hydralisk Den  
  75  5:43  Overseer  
  75  5:44  Zergling x2  
  75  5:46  Zergling x8  
  75  5:49  Extractor  
  79  5:50  Zergling x2, Extractor  
  79  5:53  Overseer  
  79  5:55  Overlord  
  79  6:00  Drone x2  
  81  6:10  Overlord x2  
  81  6:12  Grooved Spines  
  81  6:13  Muscular Augments, Hatchery  
  81  6:14  Drone  
  81  6:16  Drone  
  81  6:17  Baneling Nest, Drone  
  82  6:20  Drone x3  
  82  6:23  Drone x2  
  88  6:25  Drone  
  88  6:34  Hydralisk x4  
  88  6:38  Hydralisk  
  88  6:39  Hydralisk  
  100  6:43  Hydralisk x2  
  100  6:46  Overlord  
  104  6:49  Hydralisk  
  104  6:50  Hydralisk  
  104  6:54  Drone  
  109  7:00  Centrifical Hooks  
  109  7:03  Baneling x3  
  109  7:04  Zergling x6  
  109  7:06  Overlord x2  
  109  7:08  Baneling x3  
  112  7:10  Zergling x6  
  115  7:17  Hydralisk  
  115  7:18  Hydralisk, Zergling x2  
  115  7:20  Overlord x2  
  120  7:23  Baneling x6  
  120  7:28  Zergling x10  
  125  7:33  Baneling  
  125  7:34  Baneling x5  
  125  7:36  Zergling x2  
  125  7:37  Zergling x8  
  129  7:42  Drone x4  
  134  7:45  Drone x4  
  134  7:47  Drone  
  134  7:49  Drone x2  
  141  7:54  Zerg Melee Weapons Level 2  
  141  7:55  Drone, Infestation Pit  
  141  7:57  Drone  
  141  7:59  Drone  
  141  8:00  Extractor, Drone  
  141  8:01  Extractor  
  141  8:02  Drone  
  142  8:08  Drone x5  
  146  8:16  Drone x6  
  146  8:17  Drone  
  150  8:26  Hydralisk, Overlord  
  150  8:27  Hydralisk x2, Zergling x2  
  157  8:34  Spire  
  157  8:36  Drone  
  157  8:37  Overlord x2  
  157  8:39  Extractor  
  157  8:41  Extractor  
  155  8:47  Drone x10  
  165  8:51  Hive  
  165  8:52  Overlord  
  165  8:54  Spore Crawler  
  164  8:59  Hydralisk x3  
  164  9:00  Zergling x4  
  164  9:02  Overlord  
  172  9:11  Overlord  
  171  9:54  Corruptor x14  
  193  10:05  Corruptor x8  
  198  10:14  Greater Spire  
  198  10:17  Zergling x4  
  199  10:24  Baneling  
  199  10:25  Baneling x9  
  199  10:29  Spine Crawler  
  199  10:30  Spine Crawler  
  199  10:31  Spine Crawler x3  
  199  10:32  Spine Crawler  
  199  10:33  Pneumatized Carapace  
  199  10:35  Zerg Melee Weapons Level 3, Overseer  
  193  10:37  Adrenal Glands  
  193  10:38  Zergling x10  
  198  10:49  Overlord x2  
  198  10:50  Overlord  
  193  10:57  Hatchery  
  192  11:27  Zerg Flyer Weapons Level 1  
  192  11:28  Evolution Chamber  
  192  11:30  Spire  
  173  11:50  Corruptor x11  
  183  12:01  Brood Lord x6  
  183  12:05  Zergling x20  
  198  12:22  Zergling x4  
  199  12:26  Overseer x2  
  199  12:27  Overseer, Overlord  
  199  12:28  Overlord  
  199  12:33  Zerg Ground Armor Level 1  
  199  12:45  Spine Crawler  
  199  12:46  Spine Crawler  
  199  12:47  Spine Crawler  
  193  13:00  Corruptor x4  
  193  13:06  Baneling x5  
  193  13:07  Baneling x5  
  192  13:25  Brood Lord x2  
  192  13:26  Brood Lord x2  
  194  13:28  Corruptor x2  
  198  13:39  Zerg Flyer Armor Level 1  
  198  13:47  Corruptor x5  
  198  13:48  Corruptor x4  
  196  14:04  Zerg Missile Weapons Level 1  
  196  14:06  Zerg Flyer Weapons Level 2  
  192  14:11  Corruptor x4  
  198  14:21  Corruptor  
  180  14:26  Zergling x2  
  180  14:27  Zergling x22  
  188  14:31  Corruptor x3  
  188  14:32  Corruptor x2  
  188  14:36  Overseer  
  188  14:37  Overseer x3  
  188  14:41  Zergling x8  
  188  14:42  Zergling x38  
  187  14:48  Overseer  
  187  14:51  Baneling  
  187  14:52  Baneling x9  
  185  14:53  Zergling x2  
  185  14:54  Zergling x26  
  194  15:06  Zergling x4  
  194  15:07  Zergling x2  
  180  15:11  Overlord  
  180  15:13  Baneling x11  
  174  15:17  Overlord  
  174  15:25  Overlord x3  
  170  15:37  Zergling x8  
  170  15:38  Zergling x4  
  170  15:42  Baneling x4  
  175  15:45  Zergling x16  
  178  15:55  Zergling x2  
  178  15:56  Zergling x10  
  134  16:03  Corruptor x4  
  106  16:30  Zergling x2  
  106  16:31  Zergling x16  
  111  16:43  Hatchery, Overseer  
  111  16:47  Ultralisk Cavern  
  108  16:50  Infestor  
  108  16:51  Infestor x4  
  116  16:55  Infestor  
  116  16:57  Hatchery  
  117  17:02  Infestor x3  
  122  17:21  Zergling x22  
Tags
 
Add a new tag
Caveats
  • Supply blocks, unpowered buildings, or Contaminate may cause inaccurate times.
  • Supply counts are checked every 10 seconds.